 Dungeon Crawl Stone Soup version 0.20-a0-672-gd6c3c51 (webtiles) character file.

233 Laphicet the Insei (level 5, 0/42 HPs)
             Began as a Demonspawn Monk on Feb 17, 2017.
             Slain by a gnoll
             ... wielding a +0 halberd
              (13 damage)
             ... on level 3 of the Dungeon.
             The game lasted 00:08:00 (4205 turns).

Laphicet the Insei (Demonspawn Monk)                Turns: 4205, Time: 00:08:00

Health: 0/42       AC:  3    Str: 12    XL:     5   Next: 75%
Magic:  5/5        EV: 14    Int: 12    God:
Gold:   128        SH:  0    Dex: 15    Spells: 4/4 levels left

rFire    . . .     SeeInvis .     - Unarmed
rCold    . . .     Gourm    .   a - +0 robe
rNeg     . . .     Faith    .   (no shield)
rPois    .         Spirit   .   (no helmet)
rElec    .         Reflect  .   c - +0 cloak
rCorr    .         Harm     .   (no gloves)
MR       .....                  (no boots)
Stlth    ++........             (no amulet)
Regen    0.2/turn               (no ring)
MPRegen  0.1/turn               (no ring)

@: no status effects
A: talons 1, sturdy frame 1
a: no special abilities


You were on level 3 of the Dungeon.
You were hungry.

You visited 1 branch of the dungeon, and saw 3 of its levels.

You collected 128 gold pieces.

Inventory:

Armour
 a - a +0 robe (worn)
 c - a +0 cloak (worn)
Scrolls
 d - 2 scrolls of identify {unknown}
 e - a scroll of remove curse
Comestibles
 b - 2 bread rations
 h - a meat ration


   Skills:
 + Level 3.9 Fighting
 + Level 3.5 Dodging
 + Level 2.9 Stealth
 * Level 4.4 Unarmed Combat


You had 4 spell levels left.
You didn't know any spells.

Dungeon Overview and Level Annotations

Branches:
Dungeon (3/15)

Altars:
Gozag


Innate Abilities, Weirdness & Mutations

You have sharp toenails.
Your movements are slightly less encumbered by armour. (ER -2)


Message History

The gnoll closely misses you.
Things that are here:
a halberd; a gnoll corpse You completely miss the gnoll.
The gnoll closely misses you.
You punch the gnoll! Your kick misses the gnoll.
The gnoll is heavily wounded.
The gnoll closely misses you.
You barely miss the gnoll. Your kick misses the gnoll.
The gnoll is heavily wounded.
You barely miss the gnoll. Your kick misses the gnoll.
The gnoll is heavily wounded.
You are feeling hungry.
The gnoll hits you with a halberd!
You hit the gnoll. You claw the gnoll, but do no damage.
The gnoll is heavily wounded.
The gnoll closely misses you.
You hit the gnoll.
The gnoll is almost dead.
The gnoll hits you with a halberd!
You die...

##........# #.#.......#
.##.......# #####
##........####...############
.............................
##.............#.###....###
##........>..................
...#####+#.........#..#.#####
##.# #.....###@#.#..#... ##.#
#.......#g#....# ..# ##.#
#.###.#.#.###### ..# ##.# #.#
#...#.# .# ##.. ..#######.#
## ##########))g....# #+#####
#....# #)######### .......
#.##.#####(###.....# .......
#..#.#.........###.# .......


You could see a gnoll.

Vanquished Creatures
  Jessica (D:2)
  Natasha (thrice) (D:2)
  3 gnolls
  4 adders
  3 worms
  2 leopard geckos
  4 orcs (D:3)
  3 ball pythons
  3 giant cockroaches (D:1)
  8 goblins
  3 hobgoblins
  10 kobolds
  5 bats
  4 frilled lizards
  5 rats
61 creatures vanquished.

Vanquished Creatures (others)
  A bush (D:2)
  3 plants (D:2)
4 creatures vanquished.

Grand Total: 65 creatures vanquished

Notes
Turn   | Place    | Note
-------+----------+-------------------------------------------
     0 | D:1      | Laphicet the Demonspawn Monk began the quest for the Orb.
     0 | D:1      | Reached XP level 1. HP: 18/18 MP: 1/1
   493 | D:1      | Reached skill level 3 in Unarmed Combat
   527 | D:1      | Gained mutation: You have sharp toenails. [demonic ancestry]
   527 | D:1      | Reached XP level 2. HP: 23/24 MP: 2/2
   972 | D:1      | Reached XP level 3. HP: 29/29 MP: 3/3
  1299 | D:2      | Found an opulent altar of Gozag.
  1854 | D:2      | Noticed Jessica
  1889 | D:2      | HP: 1/29 [Jessica (2)]
  1890 | D:2      | Killed Jessica
  1890 | D:2      | Gained mutation: Your movements are slightly less encumbered by armour. (ER -2) [demonic ancestry]
  1890 | D:2      | Reached XP level 4. HP: 1/36 MP: 4/4
  2194 | D:2      | Noticed Natasha
  2201 | D:2      | Killed Natasha
  2206 | D:2      | Noticed Natasha
  2222 | D:2      | Killed Natasha
  2222 | D:2      | Reached skill level 4 in Unarmed Combat
  2222 | D:2      | Reached XP level 5. HP: 3/42 MP: 5/5
  3123 | D:2      | Noticed Natasha
  3143 | D:2      | Killed Natasha
  4205 | D:3      | Slain by a gnoll

Vault maps used:
D:1:      nicolae_arrival_somewhat_less_tricky_arrival, minmay_misc_feat_rows
D:2:      overflow_temple_1_default, serial_bayou_lagoon_a,
          wad_floor_pattern_untrapped, lexackson_kobold_supper, uniq_jessica,
          uniq_natasha
D:3:      first_bread, lightli_sewer_entry_pipes, minmay_bisected

Skill      XL: |  1  2  3  4 |
---------------+-------------+-----
Unarmed Combat | 3 4 |  4.4
Stealth        | 2 |  2.9
Dodging        | 3 |  3.5
Fighting       | |  3.9

Action                   |  1- 3 |  4- 6 || total
-------------------------+-------+-------++-------
Melee: Unarmed           |   140 |   144 ||   284
       Punch             |     1 |     2 ||     3
       Kick              |    13 |    46 ||    59
  Use: Potion            |     1 |     2 ||     3
       Scroll            |     1 |     1 ||     2
 Stab: Sleeping          |     3 |     4 ||     7
  Eat: Chunk             |     2 |     8 ||    10
Armor: Robe              |    39 |    12 ||    51
Dodge: Dodged            |    94 |    73 ||   167
